 Dungeon Crawl Stone Soup version 0.29.1-15-g9cfb28693d (webtiles) character file.

Game seed: 47596699683708909

45 Thatpatchoflichen the Ducker (level 3, -10/29 HPs)
             Began as a Human Monk on Mar 2, 2023.
             Mangled by an iguana (11 damage)
             ... on level 5 of the Dungeon.
             The game lasted 00:02:40 (1588 turns).

Thatpatchoflichen the Ducker (Human Monk)           Turns: 1588, Time: 00:02:40

Health: -10/29     AC:  2    Str: 11    XL:     3   Next: 90%
Magic:  3/3        EV: 13    Int: 10    God:
Gold:   96         SH:  0    Dex: 17    Spells: 2/2 levels left

rFire   . . .      SeeInvis .   a - +0 falchion
rCold   . . .      Faith    .   (no shield)
rNeg    . . .      Spirit   .   b - +0 robe
rPois   +          Reflect  .   (no helmet)
rElec   .          Harm     .   (no cloak)
rCorr   .          Rampage  .   (no gloves)
Will    .....                   (no boots)
Stlth   ++........              (no amulet)
HPRegen 0.09/turn               k - ring of poison resistance
MPRegen 0.08/turn               (no ring)

@: no status effects
A: no striking features
a: no special abilities


You were on level 5 of the Dungeon.
You visited 1 branch of the dungeon, and saw 4 of its levels.

You collected 96 gold pieces.

Inventory:

Hand Weapons
 a - a +0 falchion (weapon)
Armour
 b - a +0 robe (worn)
Jewellery
 k - a ring of poison resistance (left hand)
Scrolls
 h - a scroll of blinking {unknown}
 j - a scroll of teleportation {unknown}
Potions
 c - a potion of ambrosia
 d - 2 potions of invisibility {unknown}
 e - 2 potions of haste {unknown}
 f - a potion of attraction {unknown}
 g - a potion of mutation {unknown}
 i - 2 potions of curing


   Skills:
 + Level 3.5 Fighting
 + Level 3.5 Long Blades
 + Level 3.5 Dodging
 - Level 2.0 Stealth


You had 2 spell levels left.
You didn't know any spells.
Your spell library was empty.

Dungeon Overview and Level Annotations

Branches:
Dungeon (5/15)
 Temple: D:4-7

Altars:

Shops:
D:5 !


Message History

The goblin is heavily wounded.
The goblin drinks a potion.
The goblin is healed!
You barely miss the goblin. Your punch misses the goblin.
The goblin barely misses you.
You closely miss the goblin. The goblin completely misses you.
You closely miss the goblin.
A gnoll comes into view. It is wielding a +0 club.
The goblin hits you with a +0 dagger.
The gnoll shouts!
You hit the goblin.
You kill the goblin! 3 gnolls come into view.
The gnoll shouts! x2
The gnoll hits you with a +0 club!
* * * LOW HITPOINT WARNING * * *
A giant cockroach comes into view.
Items here: $ ) ††.
The gnoll hits you with a +0 club.
* * * LOW HITPOINT WARNING * * *
Items here: $ ) ††.
The gnoll throws a throwing net.
The throwing net misses you.
A worm comes into view.
The teleport trap disappears.
The giant cockroach disappears!
Found an escape hatch in the floor.
There is a stone staircase leading down here.
You climb downwards.
You hear the sound of rushing water.
There is an entrance to a sewer on this level.
Hurry and find it before the portal rusts away!
There is a stone staircase leading up here.
Found 8 gold pieces.
You now have 96 gold pieces (gained 8).
Found Ukhlal's Distillery.
An iguana comes into view.
Found an escape hatch in the ceiling.
The iguana hisses angrily.
You hit the iguana but do no damage. The iguana bites you.
* * * LOW HITPOINT WARNING * * *
You hit the iguana but do no damage. You punch the iguana, but do no damage.
The iguana bites you!
You die...

#.. ...#.#.#
#.####.#.#<#
#........#.#
#.####.###.# #
#.# #.# #.# #.
#.# #.###.#
##.# #.#
#.....#
.###...#####.#
#######
........l@...#
........######
###....<#
##...## ####


You could see an iguana.

Vanquished Creatures
  An adder (D:4)
  2 dart slugs (D:1)
  3 bats
  An endoplasm (D:2)
  2 giant cockroaches
  4 goblins
  4 hobgoblins (D:1)
  2 quokkas (D:1)
  4 ball pythons
  3 frilled lizards
  4 rats (D:1)
30 creatures vanquished.

Notes
Turn   | Place    | Note
-------+----------+-------------------------------------------
     0 | D:1      | Thatpatchoflichen the Human Monk began the quest for the
                  | Orb.
     0 | D:1      | Reached XP level 1. HP: 18/18 MP: 1/1
   218 | D:1      | Reached XP level 2. HP: 17/24 MP: 2/2
   956 | D:1      | Found a faded altar of an unknown god.
  1073 | D:1      | Reached XP level 3. HP: 24/29 MP: 3/3
  1505 | D:2      | You fall into a shaft and drop 2 floors!
  1552 | D:5      | Entered Level 5 of the Dungeon
  1572 | D:5      | Found Ukhlal's Distillery.
  1587 | D:5      | HP: 1/29 [iguana (6)]
  1588 | D:5      | Mangled by an iguana

Illustrated notes

Levels and vault maps discovered:
D:1:      heliophobic_arrival_ceremonial_halls, layout_loops_ring,
          dreamdust_ecumenical_altar_angels_and_demons, minmay_cupped
D:2:      layout_loops_ring, amcnicky_mini_pool_small
D:4:      layout_basic, columned_hall_lemuel
D:5:      layout_loops_ring, gup_sewer_entry_glass, serial_shops, shop

Action                   || total
-------------------------++-------
Melee: Falchion          ||   117
       Punch             ||     2
 Stab: Sleeping          ||     3
Armor: Robe              ||    35
Dodge: Dodged            ||   111
